 Dungeon Crawl Stone Soup version 0.21.0-25-ge575cb9 (webtiles) character file.

128 Mgcat the Insei (level 5, 0/37 HPs)
             Began as a Human Transmuter on Jan 23, 2018.
             Slain by Natasha (6 damage)
             ... on level 3 of the Dungeon.
             The game lasted 00:06:02 (4371 turns).

Mgcat the Insei (Human Transmuter)                  Turns: 4371, Time: 00:06:03

Health: 0/37       AC:  3    Str: 10    XL:     5   Next: 34%
Magic:  7/8        EV: 12    Int: 14    God:
Gold:   79         SH:  0    Dex: 14    Spells: 3/9 levels left

rFire    . . .     SeeInvis .   h - +0 mace
rCold    . . .     Gourm    .   (no shield)
rNeg     . . .     Faith    .   b - +0 robe
rPois    .         Spirit   .   p - +0 helmet
rElec    .         Reflect  .   (no cloak)
rCorr    .         Harm     .   (no gloves)
MR       .....                  (boots currently unavailable)
Stlth    +.........             (no amulet)
HPRegen  0.12/turn              (no ring)
MPRegen  0.11/turn              (no ring)

@: appendage
A: talons 3
a: End Transformation


You were on level 3 of the Dungeon.
You were not hungry.
You had grown temporary talons.
You visited 1 branch of the dungeon, and saw 3 of its levels.

You collected 79 gold pieces.

Inventory:

Hand Weapons
 h - a +0 mace (weapon)
 t - a +0 hunting sling
Missiles
 a - 31 arrows
 f - 86 stones (quivered)
Armour
 b - a +0 robe (worn)
 p - a +0 helmet (worn)
Scrolls
 j - 3 scrolls of random uselessness {unknown}
 l - 2 scrolls of identify {unknown}
 n - a scroll of magic mapping {unknown}
 o - a scroll of remove curse {unknown}
 r - 4 scrolls of teleportation {unknown}
Potions
 e - a potion of curing
 g - a potion of magic {unknown}
 i - a potion of haste {unknown}
 k - a potion of heal wounds {unknown}
 m - a potion of cancellation {unknown}
 q - a potion of mutation {unknown}
 s - a potion of flight {unknown}
Books
 c - a book of Changes

   Spells                             Type                      Level
   a - Beastly Appendage              Transmutation                1
   b - Sticks to Snakes               Transmutation                2
   c - Spider Form                    Transmutation/Poison         3
   d - Ice Form                       Ice/Transmutation            4
   e - Blade Hands                    Transmutation                5
Comestibles
 d - 5 rations
 u - 2 chunks of flesh


   Skills:
 - Level 1.0 Fighting
 - Level 2.0 Dodging
 - Level 5.0 Unarmed Combat
 + Level 2.5 Spellcasting
 + Level 2.6 Transmutations


You had 3 spell levels left.
You knew the following spells:

 Your Spells              Type           Power        Failure   Level  Hunger
a - Beastly Appendage     Tmut           #.....       8%          1    #......
b - Sticks to Snakes      Tmut           #.......     12%         2    ###....
c - Spider Form           Tmut/Pois      #.........   36%         3    ###....


Dungeon Overview and Level Annotations

Branches:
Dungeon (3/15)

Altars:
Uskayaw
Wu Jian

Annotations:
D:3 Natasha


Innate Abilities, Weirdness & Mutations

You have claws for feet.


Message History

You are too injured to fight recklessly!
Casting: Beastly Appendage
Confirm with . or Enter, or press ? or * to list all spells.
Your feet morph into talons.
Natasha closely misses you.
You completely miss Natasha. Natasha casts a spell at you.
The magic dart hits you!
You closely miss Natasha.
Natasha stares at you and mumbles some strange words.
The magic dart hits you!
You barely miss Natasha. You claw Natasha!
Natasha is heavily wounded.
Natasha claws you!
* * * LOW HITPOINT WARNING * * *
Natasha claws you.
* * * LOW HITPOINT WARNING * * *
You hit Natasha but do no damage.
Natasha is heavily wounded.
Natasha claws you.
You die...

..... ##
.... ..
#.....
#..#. ....
#.. #h#
#@# #.#
#.# #.#
### #%# ..
#># #.#
#.#
########.#


You could see Natasha.

Vanquished Creatures
  6 adders
  An ooze (D:2)
  3 dart slugs
  3 leopard geckos
  3 giant cockroaches
  11 goblins
  7 hobgoblins
  A jackal (D:3)
  A quokka (D:2)
  9 bats
  5 frilled lizards
  5 kobolds
  7 rats
62 creatures vanquished.

Notes
Turn   | Place    | Note
-------+----------+-------------------------------------------
     0 | D:1      | Mgcat the Human Transmuter began the quest for the Orb.
     0 | D:1      | Reached XP level 1. HP: 15/15 MP: 3/3
   261 | D:1      | Reached XP level 2. HP: 11/21 MP: 5/5
   820 | D:1      | Reached skill level 4 in Unarmed Combat
   820 | D:1      | Reached XP level 3. HP: 20/26 MP: 6/6
  1909 | D:2      | Noticed a dagger
  1910 | D:2      | Noticed a hand axe
  1994 | D:2      | Found a hide-covered altar of Uskayaw.
  2011 | D:2      | Reached XP level 4. HP: 4/32 MP: 7/7
  2611 | D:2      | Reached skill level 5 in Unarmed Combat
  2792 | D:2      | Learned a level 2 spell: Sticks to Snakes
  2796 | D:2      | Learned a level 3 spell: Spider Form
  3333 | D:2      | Reached XP level 5. HP: 9/37 MP: 8/8
  4219 | D:3      | Found an ornate altar of the Wu Jian Council.
  4360 | D:3      | Noticed Natasha
  4371 | D:3      | Slain by Natasha

Skill      XL: |  1  2  3  4 |
---------------+-------------+-----
Unarmed Combat | 4 5 |  5.0
Fighting       | |  1.0
Dodging        | |  2.0
Spellcasting   | |  2.5
Transmutations | |  2.6

Action                   |  1- 3 |  4- 6 || total
-------------------------+-------+-------++-------
Melee: Unarmed           |    10 |       ||    10
       Mace              |   101 |   117 ||   218
       Punch             |     1 |     3 ||     4
       Kick              |       |     3 ||     3
 Cast: Beastly Appendage |       |     2 ||     2
  Use: Potion            |       |     3 ||     3
 Stab: Sleeping          |     2 |     2 ||     4
  Eat: Chunk             |     3 |     8 ||    11
Armor: Robe              |    26 |    23 ||    49
Dodge: Dodged            |    88 |   100 ||   188
